 Dungeon Crawl Stone Soup version 0.19.1-28-ge1247f7 (webtiles) character file.

446230 theAP the Skullcrusher (level 23, -2/168 HPs)
             Began as a Gargoyle Fighter on Jan 21, 2017.
             Was an Initiate of Gozag.
             Slain by an iron troll (8 damage)
             ... on level 3 of the Depths.
             The game lasted 03:49:29 (49279 turns).

theAP the Skullcrusher (Gargoyle Fighter)          Turns: 49279, Time: 03:49:33

Health: -2/168     AC: 54    Str: 26    XL:     23   Next: 87%
Magic:  31/31      EV:  7    Int: 11    God:    Gozag
Gold:   6450       SH:  5    Dex:  8    Spells: 0 memorised, 22 levels left

rFire  + + +     SeeInvis +     d - +10 dark maul {crush}
rCold  + . .     Gourm    .     B - +14 crystal plate armour
rNeg   + + .     Faith    .     (shield currently unavailable)
rPois  ∞         Spirit   .     g - +2 helmet
rElec  +         Reflect  +     X - -4 cloak of Hejateus {Regen+ Stlth+}
rCorr  .         Harm     .     p - +1 pair of gloves of the Mantidfly {rPois rC+ MR+}
MR     +++..     Clarity  +     G - +0 pair of boots
Stlth  ..........               V - +5 amulet of reflection
                                k - ring of protection from magic
                                Q - ring "Ofikhiapp" {rF+++ rN+ Str-4 Dex-3 SInv}

@: gold aura, flying
A: big wings, clarity, negative energy resistance 1, electricity resistance,
strong 2, unbreathing, petrification resistance, rot immunity, AC +17
a: Stop Flying, Potion Petition, Call Merchant, Bribe Branch, Renounce Religion
}: 3/15 runes: decaying, silver, gossamer


You were on level 3 of the Depths.
You worshipped Gozag.
Gozag was greatly pleased with you.
You were not hungry.

You visited 8 branches of the dungeon, and saw 41 of its levels.
You visited the Abyss 1 time.
You visited 1 bazaar.
You also visited: Sewer, Ossuary and Ice Cave.

You collected 24161 gold pieces.
You spent 11068 gold pieces at shops.
You paid 6643 gold pieces to Gozag.

Inventory:

Hand Weapons
 d - the +10 dark maul (weapon) {crush}
   (You bought it in a shop on level 2 of the Orcish Mines)

   It inflicts extra damage upon your enemies.
 C - the +5 morningstar "Giovaj" {holy, *Slow rPois rC+ Int+4}
   (You bought it in a shop on level 14 of the Dungeon)

   It has been blessed by the Shining One to cause great damage to the undead
   and demons.
   It affects your intelligence (+4).
   It protects you from cold.
   It protects you from poison.
   It may slow you when you take damage.
 H - a +6 demon whip
Armour
 g - a +2 helmet (worn)
 p - the +1 pair of gloves of the Mantidfly (worn) {rPois rC+ MR+}
   (You bought it in a shop on level 14 of the Dungeon)

   It protects you from cold.
   It protects you from poison.
   It affects your resistance to hostile enchantments.
 B - a +14 crystal plate armour (worn)
 G - a +0 pair of boots (worn)
 X - the -4 cloak of Hejateus (worn) {Regen+ Stlth+}
   (You acquired it on level 2 of the Spider Nest)

   It increases your rate of regeneration.
   It makes you more stealthy.
Jewellery
 k - a ring of protection from magic (right hand)
 s - a +6 ring of evasion
 I - the ring "Oheloobu" {rC+ AC+2 Str+3 Dex+3}
   (You bought it in a shop on level 2 of the Orcish Mines)

   [ring of protection]

   It affects your AC (+2).
   It affects your strength (+3).
   It affects your dexterity (+3).
   It protects you from cold.
 Q - the ring "Ofikhiapp" (left hand) {rF+++ rN+ Str-4 Dex-3 SInv}
   (You bought it in a shop on level 1 of the Depths)

   [ring of positive energy]

   It affects your strength (-4).
   It affects your dexterity (-3).
   It renders you almost immune to fire.
   It protects you from negative energy.
   It lets you see invisible.
 V - a +5 amulet of reflection (around neck)
Wands
 i - a wand of digging (1/24)
 j - a wand of teleportation (5/9)
 l - a wand of enslavement (11/24)
 q - a wand of teleportation (1/9)
 r - a wand of slowing (24/48)
 w - a wand of disintegration (8/24)
 L - a wand of teleportation (2/9)
 R - a wand of enslavement (18/24)
 T - a wand of hasting (4/9)
Scrolls
 e - 15 scrolls of remove curse
 t - 3 scrolls of silence
 x - 5 scrolls of recharging
 A - 3 scrolls of fear
 F - 15 scrolls of teleportation
 O - 4 scrolls of blinking
 P - 6 scrolls of magic mapping
 U - 3 scrolls of identify
Potions
 a - 12 potions of curing
 c - 3 potions of haste
 m - 4 potions of ambrosia
 o - 5 potions of resistance
 u - 4 potions of berserk rage
 D - 4 potions of invisibility
 E - 7 potions of agility
 J - 4 potions of might
 K - 4 potions of cancellation
 S - 2 potions of heal wounds
 Z - 4 potions of cure mutation
Miscellaneous
 h - 2 sacks of spiders
 n - a box of beasts
 v - a phial of floods
 y - a fan of gales
 z - a disc of storms
 N - a phantom mirror
 W - a phial of floods
 Y - a lamp of fire
Comestibles
 f - 15 bread rations
 M - 3 meat rations


   Skills:
 + Level 24.6 Fighting
 O Level 27 Maces & Flails
 - Level 7.6 Armour
 + Level 6.1 Dodging
   Level 3.2 Shields
 + Level 11.4 Evocations


You had 22 spell levels left.
You didn't know any spells.

Dungeon Overview and Level Annotations

Branches:
Dungeon (15/15)            Temple (1/1) D:4            Lair (6/6) D:10
  Swamp (4/4) Lair:4       Spider (4/4) Lair:4        Slime (0/5) Lair:6
    Orc (2/2) D:9             Elf (0/3) Orc:2        Vaults (5/5) D:14
  Crypt (0/3) Vaults:2     Depths (4/5) D:15

Altars:
Fedhas
Gozag
Okawaru
Qazlal
Sif Muna
Uskayaw
Zin

Shops:
D:14 *[   Orc:1 ?   Orc:2 ![**[=(   Vaults:4 *   Depths:1 ==}

Portals:
Hell: Depths:1 Depths:2 Depths:3
Pandemonium: Depths:3

Annotations:
Vaults:1 exclusion: orange crystal statue
Vaults:5 1 exclusion


Innate Abilities, Weirdness & Mutations

You are resistant to torment.
Your stone body is resilient. (AC +17)
You are immune to poison.
Your large and strong wings let you fly indefinitely.
You resist negative energy. (rN+)
You are resistant to electric shocks. (rElec)
You can survive without breathing.
You are immune to petrification.
You are immune to rotting.
You possess an exceptional clarity of mind.
Your muscles are very strong. (Str +4)


Message History

The iron troll shouts!
The deep troll earth mage shouts!
You hit the iron troll but do no damage.
The iron troll is no longer distracted by gold.
The deep troll is no longer distracted by gold.
The deep troll earth mage is no longer distracted by gold.
The deep troll bites you!
* * * LOW HITPOINT WARNING * * *
The deep troll barely misses you. You block the deep troll's attack.
The iron troll bites you!!
* * * LOW HITPOINT WARNING * * *
The iron troll claws you but does no damage.
The iron troll claws you!
* * * LOW HITPOINT WARNING * * *
You block the deep troll earth mage's attack. x3
The deep troll barely misses you.
The deep troll claws you but does no damage. x2
The iron troll bites you but does no damage.
You block the iron troll's attack. The iron troll claws you!
You die...
Your body crumbles into a pile of gold.

............#...'....#.##........
............#.###....#.....#.....
.........>..#.########....##.....
....##......#........'....##...##
....#.......########.#!..........
........#...........(([..........
..##...##..........)...........##
####..##...#...$TT.............##
#####.####..$@T.##..........##
### #...#.####.###....... ##.####
### #....... ## #....... #
#....... ## ###......# .##
#......### ..## #......## ...##
##.......##


You could see an iron troll, a deep troll and a deep troll earth mage.

Vanquished Creatures
  A juggernaut (Depths:3)
  Xtahua (Vaults:4)
  The ghost of dngmouse the Slayer, a veteran MiFi of Okawaru (Vaults:4)
  the Lernaean hydra (Swamp:4)
  A caustic shrike (Depths:3)
  2 golden dragons
  Nikola (Swamp:1)
  Arachne (Spider:3)
  Jorgrun (Spider:2)
  Rupert (Lair:5)
  A tentacled monstrosity (Vaults:2)
  3 liches
  Asterion (Spider:2)
  4 quicksilver dragons
  4 titans
  5 sphinxes
  Agnes (D:15)
  A thorn hunter (Swamp:2)
  Kirke (Spider:3)
  Roxanne (D:14)
  A storm dragon (Vaults:5)
  6 fire giants
  Donald (Vaults:3)
  3 shadow dragons
  2 tengu reavers (Vaults:5)
  4 frost giants
  10 vault wardens
  2 deep elf sorcerers
  8 emperor scorpions
  Louise (Swamp:1)
  An iron dragon (Vaults:5)
  7 ghost moths
  Aizul (Swamp:4)
  2 orc warlords
  14 ironheart preservers
  A ghoul (Vaults:2)
  8 very ugly things
  2 deep elf elementalists (Vaults:5)
  3 war gargoyles
  20 stone giants
  3 entropy weavers
  3 vampire knights
  4 deep elf demonologists
  Nessos (Lair:5)
  2 deep elf annihilators
  Azrael (Orc:2)
  6 spark wasps
  An eidolon (Vaults:2)
  5 ettins
  7 fire dragons
  The ghost of Sagrath01 the Thaumaturge, a journeyman DsWz of Vehumet (IceCv)
  Snorg (Lair:5)
  A great orb of eyes (Vaults:2)
  7 yaktaur captains
  Josephine (Swamp:1)
  4 deep elf death magi
  5 ice dragons
  21 hydras
  Harold (D:12)
  Erolcha (D:9)
  18 vault guards
  16 ogre magi
  2 rakshasas
  The ghost of Mesmaeker13 the Destroyer, a journeyman GrCj of Sif Muna (IceCv)
  A spriggan air mage (Depths:3)
  2 ghost crabs
  2 death knights (Vaults:1)
  Erica (D:11)
  3 catoblepae (Lair:6)
  5 alligators
  8 centaur warriors
  9 deep troll shamans
  5 deep troll earth magi
  14 death yaks
  5 orc high priests (Orc:2)
  Urug (D:13)
  3 vampire magi
  7 spriggans
  Sonja (D:15)
  9 hell knights
  4 deep elf knights
  An iron troll (Depths:1)
  A salamander mystic (Depths:2)
  The ghost of Vajrapani the Martial Artist, a novice DsMo of Uskayaw (D:9)
  7 skeletal warriors
  A shadow wraith (Vaults:1)
  A spark wasp zombie (D:15)
  4 unseen horrors
  12 swamp dragons
  3 spriggan druids
  30 deep trolls
  A death drake (shapeshifter) (Vaults:2)
  2 flayed ghosts
  2 wizards
  3 shambling mangroves
  4 phantasmal warriors
  A shadow demon (Depths:3)
  2 glowing orange brains (Depths:1)
  14 orc knights
  9 deep elf archers
  12 hill giants
  17 ironbrand convokers
  11 deep elf magi
  4 necromancers
  5 orc sorcerers
  14 orb spiders
  An iron dragon zombie (Vaults:5)
  48 ugly things
  A wolf spider (shapeshifter) (Vaults:4)
  A tengu skeleton (D:15)
  A frost giant zombie (D:15)
  31 wolf spiders
  3 salamanders (Depths:2)
  3 cyclopes (Vaults:2)
  12 elephants
  4 manticores
  A guardian serpent (shapeshifter) (Vaults:3)
  5 ice statues (IceCv)
  2 black mambas
  A water nymph (shapeshifter) (Vaults:2)
  Psyche (D:9)
  A torpor snail (Spider:4)
  A rust devil (Depths:3)
  An eye of devastation (Lair:6)
  8 vault sentinels
  16 spiny frogs
  17 demonic crawlers
  51 yaktaurs
  8 komodo dragons
  5 freezing wraiths
  5 rime drakes (Lair:6)
  5 tengu conjurers
  2 anaconda simulacra (IceCv)
  A polar bear (Lair:6)
  A guardian mummy (D:15)
  A queen bee (shapeshifter) (Vaults:2)
  A hellwing (Depths:3)
  6 trolls
  6 tyrant leeches
  A tyrant leech (shapeshifter) (Vaults:5)
  29 jumping spiders
  31 hornets
  25 two-headed ogres
  Grinder (D:4)
  16 hippogriffs
  A slime creature (shapeshifter) (Depths:2)
  45 slime creatures
  18 blink frogs
  12 dream sheep (Lair:6)
  A snapping turtle (shapeshifter) (Vaults:5)
  4 bog bodies
  The ghost of Thrillho the Magician, an amateur OpWz (D:4)
  65 redbacks
  5 air elementals (Depths:3)
  A centaur simulacrum (D:15)
  An ice dragon zombie (D:15)
  2 shadows
  29 tarantellas
  A tarantella (shapeshifter) (Depths:2)
  72 yaks
  A fire bat (shapeshifter) (Vaults:4)
  2 dire elephant simulacra (IceCv)
  13 wyverns
  A human (D:7)
  12 wraiths
  2 ynoxinuls (Depths:3)
  A hog (shapeshifter) (Depths:1)
  5 fire elementals (Orc:2)
  3 hogs (D:7)
  A golden eye (shapeshifter) (Depths:3)
  Grum (D:8)
  8 basilisks
  2 basilisks (shapeshifter)
  A hungry ghost (D:9)
  36 vampire mosquitoes
  Menkaure (Ossuary)
  A human simulacrum (Vaults:3)
  23 swamp worms
  4 harpy simulacra (IceCv)
  3 wargs
  15 insubstantial wisps
  6 mottled dragons
  A soldier ant (D:15)
  4 hell hounds
  A floating eye (shapeshifter) (Vaults:4)
  10 porcupines
  Duvessa (D:7)
  13 water moccasins
  A meliai simulacrum (D:15)
  A deep troll skeleton (Vaults:5)
  15 swamp drakes
  50 orc warriors
  5 sky beasts
  A hornet zombie (D:6)
  11 ice beasts
  An ettin simulacrum (IceCv)
  A black bear (D:7)
  12 boggarts
  15 wolves
  3 eyes of draining
  5 phantoms
  60 ogres
  A wolf (shapeshifter) (Depths:1)
  12 centaurs
  16 crocodiles
  4 big kobolds
  17 bullfrogs
  A gnoll sergeant (D:9)
  3 elf skeletons (D:7)
  A wyvern zombie (D:13)
  A wyvern skeleton (D:12)
  4 scorpions
  Dowan (D:7)
  An elf simulacrum (Vaults:3)
  6 killer bees (D:9)
  8 wights
  2 electric eels
  3 howler monkeys
  A bullfrog zombie (D:7)
  9 jellies
  3 crimson imps
  6 centaur zombies
  3 human zombies
  35 orc priests
  Crazy Yiuf (D:4)
  41 orc wizards
  3 quasits
  6 hounds
  3 iron imps (Depths:3)
  Jessica (D:2)
  9 centaur skeletons
  5 iguanas
  A hell rat (shapeshifter) (Vaults:5)
  11 worker ants
  A killer bee zombie (D:8)
  3 ogre zombies (Ossuary)
  2 hound zombies
  A hound skeleton (D:5)
  6 mummies (Ossuary)
  Robin (D:2)
  19 adders
  10 gnolls
  12 river rats
  3 howler monkey skeletons
  A river rat (shapeshifter) (Vaults:2)
  4 shadow imps
  3 white imps (Depths:3)
  2 oozes
  2 adder zombies (Ossuary)
  An adder skeleton (D:9)
  3 worms
  4 dart slugs
  9 leopard geckos
  117 orcs
  15 bats
  9 giant cockroaches
  A gnoll zombie (Ossuary)
  11 hobgoblins
  9 jackals
  37 kobolds
  2 quokkas
  9 ball pythons
  6 frilled lizards
  15 goblins
  2 goblin zombies (Ossuary)
  6 hobgoblin zombies (Ossuary)
  5 kobold zombies (Ossuary)
  A leopard gecko skeleton (D:4)
  A leopard gecko zombie (D:8)
  An orc skeleton (D:7)
  2 orc zombies (D:7)
  6 quokka zombies
  34 rats
  3 rat zombies (Ossuary)
  10 fungi (D:10)
  17 plants (D:10)
2075 creatures vanquished.

Vanquished Creatures (collateral kills)
  A tengu reaver (Vaults:5)
  A frost giant (Vaults:5)
  An ironheart preserver (Vaults:4)
  2 ettins
  A deep elf high priest (Vaults:5)
  A vault guard (Vaults:5)
  A dancing weapon (Vaults:5)
  An ironbrand convoker (Vaults:4)
  A deep elf archer (Vaults:5)
  A phantasmal warrior (Vaults:5)
  2 wolf spiders (Spider:2)
  2 deep elf magi (Vaults:5)
  2 vault sentinels
  An iguana (shapeshifter) (Vaults:4)
18 creatures vanquished.

Vanquished Creatures (others)
  A tentacled monstrosity (Vaults:5)
  A titan (Vaults:5)
  A sphinx (Vaults:5)
  A shadow dragon (Vaults:5)
  A deep elf sorcerer (Vaults:5)
  A frost giant (Vaults:5)
  3 very ugly things (Vaults:5)
  2 deep elf annihilators (Vaults:5)
  2 ettins (Vaults:5)
  2 yaktaur captains (Vaults:5)
  An ogre mage (Depths:1)
  A deep elf high priest (Vaults:5)
  A hydra (Swamp:1)
  10 vault guards (Vaults:5)
  A dancing weapon (Orc:2)
  2 deep elf knights
  An ironbrand convoker (Vaults:5)
  A necromancer (Vaults:5)
  A yaktaur (Vaults:3)
  A demonic crawler (Spider:2)
  2 redbacks (Spider:2)
  7 humans (Spider:3)
  2 boggarts (Vaults:2)
  An elf skeleton (Vaults:5)
  An ogre (Vaults:3)
  A small abomination (Swamp:1)
  A howler monkey (shapeshifter) (Vaults:5)
  An orc priest (Vaults:3)
  An orc wizard (Orc:2)
  An orc (Orc:2)
  11 fungi
  7 plants (Lair:6)
  5 withered plants (D:15)
76 creatures vanquished.

Grand Total: 2169 creatures vanquished

Notes
Turn   | Place    | Note
-------+----------+-------------------------------------------
     0 | D:1      | theAP the Gargoyle Fighter began the quest for the Orb.
     0 | D:1      | Reached XP level 1. HP: 14/14 MP: 1/1
    38 | D:1      | Reached XP level 2. HP: 14/19 MP: 2/2
   251 | D:1      | Reached skill level 3 in Maces & Flails
   269 | D:1      | Reached XP level 3. HP: 23/23 MP: 3/3
   736 | D:2      | Noticed Jessica
   743 | D:2      | Killed Jessica
   743 | D:2      | Reached XP level 4. HP: 20/29 MP: 4/4
   799 | D:2      | Reached skill level 4 in Maces & Flails
  1071 | D:2      | Noticed Robin
  1092 | D:2      | Reached XP level 5. HP: 33/33 MP: 5/5
  1100 | D:2      | Killed Robin
  1389 | D:2      | Found a deep blue altar of Sif Muna.
  1543 | D:3      | Found a stormy altar of Qazlal.
  1829 | D:3      | Reached skill level 5 in Maces & Flails
  1993 | D:4      | Noticed Grinder
  2022 | D:4      | Paralysed by Grinder for 3 turns
  2060 | D:4      | Killed Grinder
  2060 | D:4      | Reached skill level 5 in Fighting
  2060 | D:4      | Reached skill level 6 in Maces & Flails
  2060 | D:4      | Reached XP level 6. HP: 5/40 MP: 6/6
  2247 | D:4      | Found a staircase to the Ecumenical Temple.
  2276 | Temple   | Entered the Ecumenical Temple
  2287 | Temple   | Became a worshipper of Gozag Ym Sagoz the Greedy
  2335 | D:4      | Reached XP level 7. HP: 26/44 MP: 7/7
  2515 | D:4      | Noticed Thrillho's ghost (amateur OpWz)
  2531 | D:4      | Killed Thrillho's ghost
  2531 | D:4      | Reached skill level 7 in Maces & Flails
  2648 | D:4      | Identified Sif Muna's Grimoire of Contamination and the Snowflakes
  2944 | D:4      | Found a runed door.
  3014 | D:4      | Noticed Crazy Yiuf
  3025 | D:4      | Killed Crazy Yiuf
  3025 | D:4      | Reached XP level 8. HP: 46/51 MP: 8/8
  3075 | D:5      | Entered Level 5 of the Dungeon
  3321 | D:5      | Got a shimmering ring mail
  3332 | D:5      | Identified the +3 ring mail of Kuiq {rN+} (You found it on level 5 of the Dungeon)
  3442 | D:5      | Reached skill level 8 in Maces & Flails
  3964 | D:6      | Reached skill level 9 in Maces & Flails
  4055 | D:6      | Reached XP level 9. HP: 37/57 MP: 9/9
  4483 | D:6      | Found a glowing drain.
  4487 | Sewer    | Entered a sewer
  4521 | Sewer    | Reached skill level 10 in Maces & Flails
  5603 | D:7      | Noticed Duvessa
  5617 | D:7      | Noticed Dowan
  5625 | D:7      | Killed Dowan
  5941 | D:7      | Found a sand-covered staircase.
  5977 | Ossuary  | Entered an ossuary
  6137 | Ossuary  | Reached skill level 11 in Maces & Flails
  6293 | Ossuary  | Noticed Menkaure
  6306 | Ossuary  | Killed Menkaure
  6543 | D:7      | Killed Duvessa
  6543 | D:7      | Reached XP level 10. HP: 63/66 MP: 10/10
  6913 | D:7      | Reached skill level 12 in Maces & Flails
  7175 | D:8      | Noticed Grum
  7340 | D:8      | Killed Grum
  7394 | D:8      | Found a glowing silver altar of Zin.
  7638 | D:8      | Reached skill level 10 in Fighting
  7816 | D:9      | Found a blossoming altar of Fedhas.
  7824 | D:9      | Noticed Psyche
  7857 | D:9      | Killed Psyche
  7937 | D:9      | Noticed Erolcha
  7942 | D:9      | Noticed Vajrapani's ghost (novice DsMo)
  8048 | D:9      | Reached skill level 13 in Maces & Flails
  8094 | D:9      | Killed Vajrapani's ghost
  8094 | D:9      | Reached XP level 11. HP: 24/73 MP: 11/11
  8132 | D:9      | Killed Erolcha
  8525 | D:9      | Killed an unseen horror
  8794 | D:9      | Reached skill level 14 in Maces & Flails
  9236 | D:9      | Found a staircase to the Orcish Mines.
  9260 | D:10     | Entered Level 10 of the Dungeon
  9260 | D:10     | Found an iron altar of Okawaru.
  9339 | D:10     | Identified the Grimoire of the Supportive Birds
  9662 | D:10     | Noticed a hill giant
  9667 | D:10     | Killed a hill giant
 10011 | D:10     | Found a staircase to the Lair.
 10283 | D:11     | Noticed Erica
 10295 | D:11     | Reached XP level 12. HP: 76/81 MP: 0/12
 10339 | D:11     | Killed Erica
 10339 | D:11     | Reached skill level 15 in Maces & Flails
 10794 | D:11     | Identified a scroll of acquirement
 10797 | D:11     | Got a faintly glowing great mace
 10803 | D:11     | Identified the +1 great mace of Wusor {crush, rElec rPois Dex-2} (You acquired it on level 11 of the Dungeon)
 10896 | D:11     | Noticed a four-headed hydra
 10899 | D:11     | Killed a four-headed hydra
 11113 | D:12     | Found an iron altar of Okawaru.
 11181 | D:12     | Reached skill level 16 in Maces & Flails
 11508 | D:12     | Noticed Harold
 11532 | D:12     | Killed Harold
 11874 | D:12     | Reached XP level 13. HP: 76/88 MP: 13/13
 12564 | D:13     | Reached skill level 17 in Maces & Flails
 12990 | D:13     | Noticed Urug
 13005 | D:13     | Killed Urug
 14286 | D:14     | Found a blossoming altar of Fedhas.
 14335 | D:14     | Noticed an ogre mage
 14340 | D:14     | Killed an ogre mage
 14341 | D:14     | Found a gate to the Vaults.
 14642 | D:14     | Noticed Roxanne
 14664 | D:14     | Killed Roxanne
 14664 | D:14     | Reached skill level 18 in Maces & Flails
 14665 | D:14     | Identified Roxanne's Disquisition on the Mountains (You took it off Roxanne on level 14 of the Dungeon)
 15004 | D:15     | Entered Level 15 of the Dungeon
 15013 | D:15     | Found a staircase to the Depths.
 15047 | D:15     | Noticed Agnes
 15056 | D:15     | Gained mutation: Your large and strong wings let you fly indefinitely. [Gargoyle growth]
 15056 | D:15     | Reached XP level 14. HP: 49/96 MP: 14/14
 15278 | D:14     | Bought a pair of bloodstained gloves for 332 gold pieces
 15288 | D:14     | Identified the +1 pair of gloves of the Mantidfly {rPois rC+ MR+} (You bought it in a shop on level 14 of the Dungeon)
 15295 | D:14     | Bought a shiny crystal plate armour for 2322 gold pieces
 15295 | D:14     | Bought a scorched morningstar for 243 gold pieces
 15295 | D:14     | Bought a translucent whip for 202 gold pieces
 15295 | D:14     | Bought a blackened cloak for 256 gold pieces
 15307 | D:14     | Identified the +0 cloak "Xedefiari" {Int+2} (You bought it in a shop on level 14 of the Dungeon)
 15317 | D:14     | Identified the +5 morningstar "Giovaj" {holy, *Slow rPois rC+ Int+4} (You bought it in a shop on level 14 of the Dungeon)
 15318 | D:14     | Identified the +1 whip "Veavvuti" {drain, Dex+4} (You bought it in a shop on level 14 of the Dungeon)
 15427 | Lair:1   | Entered Level 1 of the Lair of Beasts
 16737 | Lair:2   | You are sucked into a shaft for 2 floors!
 16737 | Lair:4   | Found a staircase to the Swamp.
 16754 | Lair:4   | Reached skill level 15 in Fighting
 16838 | Lair:4   | Found a hole to the Spider Nest.
 16901 | Lair:4   | Reached skill level 1 in Evocations
 17647 | Lair:5   | Reached skill level 19 in Maces & Flails
 17887 | Lair:5   | Noticed Nessos
 17925 | Lair:5   | Killed Nessos
 17990 | Lair:5   | Noticed Snorg
 18000 | Lair:5   | Killed Snorg
 18387 | Lair:5   | Got a slimy morningstar
 18392 | Lair:5   | Identified the +5 morningstar "Tormentor" {elec, *Rage rC+++ Str+4} (You found it on level 5 of the Lair of Beasts)
 18503 | Lair:5   | Noticed Rupert
 18516 | Lair:5   | Killed Rupert
 18874 | Lair:6   | Entered Level 6 of the Lair of Beasts
 18883 | Lair:6   | Reached XP level 15. HP: 104/104 MP: 18/18
 18892 | Lair:6   | Reached skill level 5 in Evocations
 19766 | Lair:6   | Found a staircase to the Slime Pits.
 20352 | Lair:6   | Reached skill level 5 in Armour
 22048 | Orc:1    | Entered Level 1 of the Orcish Mines
 22055 | Orc:1    | Reached XP level 16. HP: 112/112 MP: 21/21
 22103 | Orc:1    | Found Forecviga's Magic Scroll Boutique.
 22319 | Orc:1    | Bought a scroll of blinking for 135 gold pieces
 22674 | Orc:2    | Entered Level 2 of the Orcish Mines
 23410 | Orc:2    | Noticed Azrael
 23602 | Orc:2    | Killed Azrael
 24723 | Orc:2    | Found Waplodumn's General Store.
 24724 | Orc:2    | Found Puohiutu's Jewellery Emporium.
 24725 | Orc:2    | Found Yduf Ifo's Antique Armour Emporium.
 24725 | Orc:2    | Found Bomad's Antique Weapon Shoppe.
 24747 | Orc:2    | Bought the ring "Oheloobu" {rC+ AC+2 Str+3 Dex+3} for 475 gold pieces
 24747 | Orc:2    | Bought a +5 amulet of reflection for 325 gold pieces
 24956 | Orc:2    | Found a staircase to the Elven Halls.
 25144 | Orc:2    | Bought the +10 dark maul {crush} for 1800 gold pieces
 25156 | Orc:2    | Bought a potion of heal wounds for 90 gold pieces
 25156 | Orc:2    | Bought a potion of curing for 54 gold pieces
 25156 | Orc:2    | Bought a potion of curing for 54 gold pieces
 25156 | Orc:2    | Bought a potion of curing for 54 gold pieces
 25448 | Swamp:1  | Entered Level 1 of the Swamp
 25480 | Swamp:1  | Noticed Nikola
 25490 | Swamp:1  | Killed Nikola
 25601 | Swamp:1  | Noticed Louise
 25601 | Swamp:1  | Cast into level 3 of the Abyss (Louise)
 25698 | Swamp:1  | Escaped the Abyss
 25707 | Swamp:1  | Killed Louise
 25855 | Swamp:1  | Noticed Josephine
 25859 | Swamp:1  | Killed Josephine
 26865 | Swamp:2  | Noticed a thorn hunter
 26870 | Swamp:2  | Killed a thorn hunter
 27064 | Swamp:2  | Reached skill level 20 in Maces & Flails
 27211 | Swamp:3  | Reached XP level 17. HP: 120/120 MP: 23/23
 28227 | Swamp:4  | Entered Level 4 of the Swamp
 28816 | Swamp:4  | Noticed Aizul
 28824 | Swamp:4  | Killed Aizul
 28882 | Swamp:4  | Noticed the 27-headed Lernaean hydra
 29146 | Swamp:4  | Killed the 27-headed Lernaean hydra
 29167 | Swamp:4  | Reached skill level 21 in Maces & Flails
 29295 | Swamp:4  | Got a decaying rune of Zot
 29585 | Spider:1 | Entered Level 1 of the Spider Nest
 30114 | Spider:2 | Noticed Asterion
 30286 | Spider:2 | Noticed an Executioner
 30290 | Spider:2 | Reached XP level 18. HP: 103/129 MP: 24/24
 30291 | Spider:2 | Killed Asterion
 30299 | Spider:2 | Noticed Jorgrun
 30310 | Spider:2 | Killed Jorgrun
 30380 | Spider:2 | Found a frozen archway.
 30386 | IceCv    | Entered an ice cave
 30386 | IceCv    | Noticed Mesmaeker13's ghost (journeyman GrCj)
 30387 | IceCv    | Killed Mesmaeker13's ghost
 30455 | IceCv    | Identified the +3 great mace of Fee Simple {distort, +Blink rPois} (You found it in an ice cave)
 30680 | IceCv    | Noticed Sagrath01's ghost (journeyman DsWz)
 30690 | IceCv    | Killed Sagrath01's ghost
 30887 | IceCv    | Got a twisted plate armour
 30898 | IceCv    | Identified the +4 plate armour of Death Resistance {Dex+4} (You found it in an ice cave)
 31137 | Spider:2 | Got a distressingly furry cloak
 31148 | Spider:2 | Identified the -4 cloak of Hejateus {Regen+ Stlth+} (You acquired it on level 2 of the Spider Nest)
 31469 | Spider:3 | Noticed Kirke
 31479 | Spider:3 | Noticed Arachne
 31480 | Spider:3 | Killed Kirke
 31481 | Spider:3 | Reached skill level 22 in Maces & Flails
 31486 | Spider:3 | Killed Arachne
 32111 | Spider:4 | Entered Level 4 of the Spider Nest
 32798 | Spider:4 | Reached XP level 19. HP: 84/136 MP: 25/25
 32919 | Spider:4 | Got a gossamer rune of Zot
 33023 | Spider:4 | Reached skill level 23 in Maces & Flails
 33392 | Vaults:1 | Entered Level 1 of the Vaults
 35115 | Vaults:2 | Reached XP level 20. HP: 144/144 MP: 26/26
 35131 | Vaults:2 | Reached skill level 24 in Maces & Flails
 35598 | Vaults:2 | Found a staircase to the Crypt.
 36631 | Vaults:3 | Identified the +1 plate armour "Reawuos" {*Slow Str+6} (You found it on level 3 of the Vaults)
 36893 | Vaults:3 | Noticed Donald
 36895 | Vaults:3 | Killed Donald
 37037 | Vaults:3 | Reached skill level 25 in Maces & Flails
 37850 | Vaults:4 | Reached XP level 21. HP: 151/151 MP: 27/27
 38087 | Vaults:4 | Found Zivarch's General Store.
 38093 | Vaults:4 | Bought a scroll of acquirement for 780 gold pieces
 38649 | Vaults:4 | Noticed dngmouse's ghost (veteran MiFi)
 38665 | Vaults:4 | Killed dngmouse's ghost
 39176 | D:15     | Killed Agnes
 39180 | D:15     | Noticed Sonja
 39189 | D:15     | Killed Sonja
 39960 | Orc:1    | Bought a scroll of acquirement for 936 gold pieces
 39966 | Orc:1    | Got a crude lead ring
 39969 | Orc:1    | Identified the ring "Ashrifibb" {rElec rPois Str+2} (You acquired it on level 1 of the Orcish Mines)
 39974 | Orc:1    | Bought a scroll of silence for 135 gold pieces
 40047 | Orc:2    | Bought a potion of heal wounds for 155 gold pieces
 40367 | Vaults:5 | Entered Level 5 of the Vaults
 40412 | Vaults:5 | Reached skill level 26 in Maces & Flails
 40536 | Vaults:5 | Noticed Xtahua
 41032 | Vaults:4 | Killed Xtahua
 41032 | Vaults:4 | Reached XP level 22. HP: 88/160 MP: 28/28
 41744 | Vaults:5 | Noticed a golden dragon
 41750 | Vaults:5 | Killed a golden dragon
 42224 | Vaults:5 | Identified the Collected Works on Shape Shifting and Conjuration
 42257 | Vaults:5 | Got a crude bronze ring
 42259 | Vaults:5 | Identified the ring "Qisaok" {rCorr Str+4} (You found it on level 5 of the Vaults)
 42320 | Vaults:5 | Got a silver rune of Zot
 42325 | Vaults:5 | Identified the Handbook of Transmutation
 42513 | Vaults:5 | Reached skill level 27 in Maces & Flails
 42776 | Vaults:4 | Upgraded the game from 0.19.1-1-g22dce08 to 0.19.1-28-ge1247f7
 43045 | Orc:1    | Bought a scroll of recharging for 171 gold pieces
 43045 | Orc:1    | Bought a scroll of magic mapping for 63 gold pieces
 43045 | Orc:1    | Bought a scroll of magic mapping for 63 gold pieces
 43399 | Orc:2    | Bought a potion of resistance for 310 gold pieces
 43639 | Orc:2    | Bought a pair of glowing gloves for 483 gold pieces
 43853 | Depths:1 | Entered Level 1 of the Depths
 44453 | Depths:1 | Found Kufoichu's Gadget Boutique.
 44453 | Depths:1 | Found Atogge's Jewellery Emporium.
 44454 | Depths:1 | Found Lusmiun's Jewellery Emporium.
 44475 | Depths:1 | Bought the ring "Ofikhiapp" {rF+++ rN+ Str-4 Dex-3 SInv} for 566 gold pieces
 45367 | Vaults:1 | Reached skill level 1 in Dodging
 45555 | Orc:2    | Bought a potion of mutation for 45 gold pieces
 45582 | Orc:2    | Bought a potion of haste for 160 gold pieces
 45598 | Orc:2    | Bought a potion of mutation for 77 gold pieces
 45598 | Orc:2    | Bought a scroll of silence for 232 gold pieces
 45606 | Orc:2    | Gained mutation: You expend magic power (3 MP) to strengthen your wands. [potion of mutation]
 45606 | Orc:2    | Gained mutation: Your mind is acute. (Int +2) [potion of mutation]
 45606 | Orc:2    | Gained mutation: You have sharp toenails. [potion of mutation]
 45607 | Orc:2    | Lost mutation: You have sharp toenails. [potion of cure mutation]
 45607 | Orc:2    | Lost mutation: Your mind is acute. (Int +2) [potion of cure mutation]
 45607 | Orc:2    | Lost mutation: You expend magic power (3 MP) to strengthen your wands. [potion of cure mutation]
 45608 | Orc:2    | Gained mutation: Your magical capacity is low. (-10% MP) [potion of mutation]
 45608 | Orc:2    | Gained mutation: You have supernaturally acute eyesight. (SInv) [potion of mutation]
 45608 | Orc:2    | Gained mutation: You expend magic power (3 MP) to strengthen your wands. [potion of mutation]
 45609 | Orc:2    | Lost mutation: You expend magic power (3 MP) to strengthen your wands. [potion of cure mutation]
 45609 | Orc:2    | Lost mutation: Your magical capacity is low. (-10% MP) [potion of cure mutation]
 45609 | Orc:2    | Lost mutation: You have supernaturally acute eyesight. (SInv) [potion of cure mutation]
 45610 | Orc:2    | Gained mutation: Your muscles are strong. (Str +2) [potion of mutation]
 45610 | Orc:2    | Gained mutation: Your muscles are very strong. (Str +4) [potion of mutation]
 45610 | Orc:2    | Gained mutation: You possess an exceptional clarity of mind. [potion of mutation]
 45907 | D:15     | Reached XP level 23. HP: 24/167 MP: 30/30
 46378 | Depths:2 | Found a gateway to Hell.
 46469 | Depths:2 | Found a flickering gateway to a bazaar.
 46476 | Bazaar   | Entered a bazaar
 46476 | Bazaar   | Found Cefragg's Gadget Boutique.
 46476 | Bazaar   | Found Dom Ruerch's Book Shoppe.
 46476 | Bazaar   | Found Loan's Distillery.
 46478 | Bazaar   | Found Kohack's Book Emporium.
 46478 | Bazaar   | Found Goosi's Weapon Shop.
 46539 | Bazaar   | Bought a potion of heal wounds for 55 gold pieces
 46539 | Bazaar   | Bought a potion of resistance for 110 gold pieces
 46539 | Bazaar   | Bought a potion of haste for 110 gold pieces
 46563 | Bazaar   | Bought a potion of cure mutation for 275 gold pieces
 46742 | Depths:2 | Got a dazzling cloak
 46759 | Depths:2 | Identified the +3 cloak of Theory {Str+3} (You found it on level 2 of the Depths)
 46784 | Depths:2 | Reached skill level 10 in Evocations
 47538 | Depths:2 | Identified the ring of Uxzocuor {rCorr Int+4} (You found it on level 2 of the Depths)
 48042 | Depths:1 | Noticed a golden dragon
 48050 | Depths:1 | Killed a golden dragon
 48050 | Depths:1 | Reached skill level 5 in Dodging
 48162 | Depths:3 | Noticed a juggernaut
 48167 | Depths:3 | Killed a juggernaut
 48181 | Depths:3 | Noticed a caustic shrike
 48335 | Depths:3 | Killed a caustic shrike
 48675 | Depths:3 | Found a one-way gate leading to the halls of Pandemonium.
 49279 | Depths:3 | HP: 6/168 [iron troll (7)]
 49279 | Depths:3 | Slain by an iron troll

Skill      XL: |  1  2  3  4  5  6  7  8  9 10 11 12 13 14 15 16 17 18 19 20 21 22 23 |
---------------+----------------------------------------------------------------------+-----
Maces & Flails | 3 4 6 7 9 11 13 14 16 18 19 20 21 22 23 25 26 27 | 27.0
Fighting       | 4 5 6 7 9 10 12 13 14 15 17 18 19 20 21 22 23 24 | 24.6
Evocations     | 4 7 8 9 11 | 11.4
Armour         | 6 7 |  7.6
Dodging        | 1 6 |  6.1
Shields        | |  3.2

Action                   |  1- 3 |  4- 6 |  7- 9 | 10-12 | 13-15 | 16-18 | 19-21 | 22-24 || total
-------------------------+-------+-------+-------+-------+-------+-------+-------+-------++-------
Melee: Flail             |    99 |   264 |   770 |  1045 |       |       |       |       ||  2178
       Great mace        |       |       |       |   112 |   723 |       |       |       ||   835
       Morningstar       |       |       |       |       |   505 |   368 |       |       ||   873
       Maul              |       |       |       |       |       |   700 |   819 |   505 ||  2024
Invok: Potion Petition   |       |       |       |       |     1 |       |       |       ||     1
       Call Merchant     |       |       |       |       |     2 |     2 |       |     1 ||     5
       Bribe Branch      |       |       |       |       |       |       |     1 |       ||     1
 Abil: Fly               |       |       |       |       |     1 |       |       |       ||     1
Evoke: Wand              |       |     4 |       |     7 |     3 |    16 |     4 |     5 ||    39
       Disc of storms    |       |       |       |       |       |     5 |     5 |       ||    10
       Phial of floods   |       |       |       |       |       |     1 |       |       ||     1
       Sack of spiders   |       |       |       |       |       |     3 |       |       ||     3
  Use: Scroll            |     5 |     5 |     8 |     4 |    16 |    16 |     9 |    15 ||    78
       Potion            |       |     1 |     6 |     6 |     3 |     4 |     5 |     6 ||    31
 Stab: Distracted        |       |       |     2 |     5 |    10 |    21 |    15 |     8 ||    61
       Invisible         |       |       |       |       |     4 |       |       |       ||     4
  Eat: Chunk             |       |     4 |       |       |       |       |       |       ||     4
       Meat ration       |       |     1 |     1 |     1 |     1 |     1 |     4 |     1 ||    10
       Beef jerky        |       |       |     3 |     2 |     4 |     1 |     2 |     1 ||    13
       Fruit             |       |       |     3 |       |       |     5 |     4 |    26 ||    38
       Pizza             |       |       |       |     8 |     1 |     3 |       |     1 ||    13
       Bread ration      |       |       |       |       |     5 |     4 |     1 |       ||    10
       Royal jelly       |       |       |       |       |     1 |     1 |       |       ||     2
Armor: Scale mail        |    66 |   130 |    38 |       |       |       |       |       ||   234
       Ring mail         |       |       |   187 |   263 |       |       |       |       ||   450
       Plate armour      |       |       |       |   291 |   264 |       |       |       ||   555
       Crystal plate arm |       |       |       |       |   585 |  1873 |  1321 |   920 ||  4699
Dodge: Dodged            |    34 |    96 |   368 |   515 |   438 |  1102 |   671 |   286 ||  3510
Block: Shield            |    73 |   169 |   377 |   596 |   247 |   203 |       |       ||  1665
       Other             |       |       |       |       |       |   358 |   329 |   163 ||   850
       Reflection        |       |       |       |       |       |       |    32 |    18 ||    50
